cohdb
Replays
Latest Replays
All Replays
Popular Replays
Top Player Replays
Match Explorer
How It Works
Community
CoH3 Stats
Reddit
Sign in to upload your games and track your stats! →
Sign in with Steam
Match 47415057
Unlisted
Match 47415057
Overview
Messages
Build Orders
End
Panzerpioneer Squad
Panzerpioneer Squad
Selects Battlefield Espionage Battlegroup
Selects Sector Subterfuge Beacon
250 Light Carrier
Construct Light Support Kompanie
MG34 Team
Selects Transfer Depots
Fire Support Elements
MG34 Team
Vehicle Survival Package
Flakvierling Half-track
Selects 250/3 Funkpanzerwagen
Pak 38 Mechanized Group
Construct Panzerarmee Kommand
Emergency Repair Kits
Rapid Advance
Panzer III L Medium Tank
Advanced Optics
Panzer III L Medium Tank
Panzer III L Medium Tank
Selects Advanced Ambush Training
Selects Operation Skorpion
Operation Skorpion
Tungsten Core Ammunition
Dunkerque
NEP_wilson_NEP
乱杀大王
Grang
0
0
Comments
sign in to comment!
No comments posted yet!